 Dungeon Crawl Stone Soup version 0.14-a0-1413-g94b8a5e (webtiles) character file.

111 PolkaDot the Cutter (level 3, -8/28 HPs)
             Began as a Vampire Death Knight on Dec 11, 2013.
             Was a Believer of Yredelemnul.
             Mangled by Crazy Yiuf
             ... wielding a +2,+2 quarterstaff of chaos
              (12 damage)
             ... on Level 2 of the Dungeon.
             The game lasted 00:04:28 (1098 turns).

PolkaDot the Cutter (Vampire Death Knight)          Turns: 1098, Time: 00:04:28

HP  -8/28        AC  4     Str 12      XL: 3   Next: 16%
MP   4/4         EV 10     Int 13      God: Yredelemnul [**....]
Gold 76          SH  0     Dex 14      Spells:  0 memorised,  2 levels left

rFire  . . .     SeeInvis +     a - +1 short sword
rCold  . . .     Clarity  .     b - +0 leather armour
rNeg   . . .     Conserve .     (no shield)
rPois  .         rCorr    .     (no helmet)
rElec  .         rRot     .     j - +0 cloak
SustAb . .       Spirit   .     (no gloves)
rMut   .         Warding  .     (no boots)
Saprov . . .     Stasis   +     d - amulet of stasis
                                (no ring)
                                (no ring)

@: regenerating quickly, slightly resistant to hostile enchantments, unstealthy
A: fangs 3, see invisible, unbreathing
a: Animate Remains, Recall Undead Slaves, Injury Mirror, Renounce Religion


You were on level 2 of the Dungeon.
You worshipped Yredelemnul.
Yredelemnul was pleased with you.
You were full.

You visited 1 branch of the dungeon, and saw 2 of its levels.

You collected 76 gold pieces.

Inventory:

Hand weapons
 a - a +1,+1 short sword (weapon)
Armour
 b - a +0 leather armour (worn)
 j - a +0 cloak (worn)
Scrolls
 g - a scroll of identify {unknown}
 h - a scroll of curse weapon {unknown}
 l - 2 scrolls of enchant armour {unknown}
Jewellery
 d - an amulet of stasis (around neck)
Potions
 c - a potion of blood
 e - 2 potions of lignification {unknown}
 f - a potion of paralysis {unknown}
 i - a potion of curing {unknown}
 k - a potion of degeneration {unknown}
 m - a potion of restore abilities {unknown}
 n - a potion of invisibility {unknown}


   Skills:
 * Level 2.8 Fighting
 + Level 3.0 Short Blades
 - Level 0.7 Armour
 - Level 1.1 Dodging
 - Level 2.4 Invocations


You had 2 spell levels left.
You didn't know any spells.

Dungeon Overview and Level Annotations

Branches:
Dungeon (2/16)

Altars:

Annotations:
D:2 Crazy Yiuf


Innate Abilities, Weirdness & Mutations

Your natural rate of healing is unusually fast.
You have razor-sharp teeth.*
You have supernaturally acute eyesight.
You can survive without breathing.*


Message History

Your goblin zombie is destroyed!
Your ball python zombie completely misses Crazy Yiuf.
Your ball python zombie constricts Crazy Yiuf.
Crazy Yiuf yells, "Iron green ragdoll!"
Crazy Yiuf struggles to escape constriction.
Your ball python zombie bites Crazy Yiuf but does no damage.
Your ball python zombie constricts Crazy Yiuf.
Crazy Yiuf struggles to escape constriction.
Your ball python zombie bites Crazy Yiuf but does no damage.
Your ball python zombie constricts Crazy Yiuf.
Crazy Yiuf escapes!
Your ball python zombie bites Crazy Yiuf but does no damage.
Your ball python zombie grabs Crazy Yiuf.
Your ball python zombie constricts Crazy Yiuf.
You catch the helpless Crazy Yiuf momentarily off-guard.
You hit Crazy Yiuf.
Crazy Yiuf is almost dead.
Crazy Yiuf hits you with a quarterstaff of chaos!
You die...
Yredelemnul claims you as an undead slave.

#.....>...'.....................
######.####....#.........####...
#.# #....#.........# #[..
####'####....#(........# #...
#..).....############### #...
#........# #... #%.......#
####### #... #........###..)#.#
#### ####.#####...@g.#..#
#######....#.....z####.g.
...........+..#..## #..)
#######....##.#### ## #....##.#
#....##.# #.....z.###
######..z......#
#....#.........#


You could see Crazy Yiuf and a friendly ball python zombie.

Vanquished Creatures
  2 giant cockroaches (D:1)
  4 goblins
  3 hobgoblins
  2 jackals (D:1)
  A kobold (D:1)
  3 ball pythons (D:2)
  5 bats (D:1)
  A giant newt (D:2)
  8 rats (D:1)
29 creatures vanquished.

Vanquished Creatures (collateral kills)
  A goblin (D:1)
  A kobold (D:1)
  A bat (D:1)
  A giant cockroach (D:2)
4 creatures vanquished.

Vanquished Creatures (others)
  A ball python zombie (D:2)
  2 giant cockroach zombies
  A goblin zombie (D:2)
4 creatures vanquished.

Grand Total: 37 creatures vanquished

Notes
Turn   | Place    | Note
--------------------------------------------------------------
     0 | D:1      | PolkaDot, the Vampire Death Knight, began the quest for the Orb.
     0 | D:1      | Reached XP level 1. HP: 16/16 MP: 1/1
   106 | D:1      | Reached XP level 2. HP: 22/22 MP: 2/2
   779 | D:2      | Acquired Yredelemnul's second power
   779 | D:2      | Reached XP level 3. HP: 28/28 MP: 4/4
   992 | D:2      | Reached skill level 3 in Short Blades
  1077 | D:2      | Noticed Crazy Yiuf
  1098 | D:2      | Mangled by Crazy Yiuf

Action                   || total
-------------------------++-------
Melee: Short sword       ||   110
Invok: Animate Remains   ||     9
 Stab: Sleeping          ||     1
       Distracted        ||     1
